 Seeded DCSS version 0.28.0-62-gf88900778d (webtiles) character file.

Game seed: 13591998346360536447 (custom seed)

3 Psyclone the Digger (level 1, 0/13 HPs)
             Began as a Formicid Earth Elementalist on Oct 19, 2023.
             Frozen to death by an endoplasm (1 damage)
             ... on level 1 of the Dungeon.
             The game lasted 00:00:35 (78 turns).

Psyclone the Digger (Formicid Earth Elementalist)     Turns: 78, Time: 00:00:35

Health: 0/13       AC:  2    Str: 12    XL:     1   Next: 55%
Magic:  3/4        EV: 12    Int: 14    God:
Gold:   0          SH:  0    Dex: 11    Spells: 4/5 levels left

rFire   . . .      SeeInvis +   (no weapon)
rCold   . . .      Faith    .   (no shield)
rNeg    . . .      Spirit   .   b - +0 robe
rPois   .          Reflect  .   (helmet unavailable)
rElec   .          Harm     .   (no cloak)
rCorr   .          Rampage  .   (no gloves)
Will    .....                   (no boots)
Stlth   ++........              (no amulet)
HPRegen 0.04/turn               (no ring)
MPRegen 0.09/turn               (no ring)

@: no status effects
A: permanent stasis, dig shafts and tunnels, antennae 3, four strong arms
a: Dig, Shaft Self


You were on level 1 of the Dungeon.
You visited 1 branch of the dungeon, and saw 1 of its levels.

Inventory:

Missiles
 c - 29 stones
Armour
 b - a +0 robe (worn)


   Skills:
 - Level 1.7 Dodging
 - Level 2.4 Stealth
 + Level 2.5 Spellcasting
 - Level 1.1 Transmutations
 - Level 3.6 Earth Magic


You had 4 spell levels left.
You knew the following spells:

 Your Spells              Type           Power      Damage    Failure   Level
a - Sandblast             Erth           22%        2d7       4%          1

Your spell library contained the following spells:

 Spells                   Type           Power      Damage    Failure   Level
 Passwall                 Tmut/Erth      6%         N/A       13%         2
 Stone Arrow              Conj/Erth      12%        3d7       32%         3
 Petrify                  Tmut/Erth      8%         N/A       65%         4


Dungeon Overview and Level Annotations

Branches:
Dungeon (1/15)

Altars:


Innate Abilities, Weirdness & Mutations

You cannot be hasted, slowed, berserked, paralysed or teleported.
You can dig through walls and to a lower floor.
You have a pair of large antennae on your head. (SInv)
Your four strong arms can wield two-handed weapons with a shield.


Message History

Casting: Sandblast (safe; 5% risk of failure)
Confirm with . or Enter, or press ? or * to list all spells.
You don't know that spell.
Unknown command.
A dart slug and a hobgoblin come into view.
The dart slug launches a dart at you. The slug dart misses you.
Found 25 stones.
The hobgoblin shouts!
An endoplasm comes into view.
The endoplasm quivers.
You hit the hobgoblin.
The hobgoblin is heavily wounded.
The hobgoblin hits you.
A kobold comes into view. It is wielding a +0 club.
The kobold shouts!
You hit the hobgoblin but do no damage.
The hobgoblin is heavily wounded.
The hobgoblin closely misses you.
You barely miss the hobgoblin.
The hobgoblin is heavily wounded.
The hobgoblin hits you. The dart slug launches a dart at you.
The slug dart misses you.
You barely miss the hobgoblin.
The hobgoblin is heavily wounded.
The hobgoblin hits you.
You hit the hobgoblin.
The hobgoblin is almost dead.
The hobgoblin hits you but does no damage.
The endoplasm hits you.
You hit the hobgoblin.
You kill the hobgoblin!
The dart slug completely misses you. The endoplasm freezes you.
You are frozen.
* * * LOW HITPOINT WARNING * * *
The endoplasm freezes you.
You are frozen.
You die...

###..P.........♣...........
.[..♣.♣.P...P...........#..
......♣................## .
#..♣.P....♣.♣.....)†..##..
#.........♣.....#...$....
##..♣.....♣....####......
.................. .......
#########.w...(.####(#....
......J@......# #[#.... {
.###...K#.....# .#.###
#...........# .#
#...........( .#
#.....###.### #...... ..
#.####. .# .. .


You could see a dart slug, an endoplasm and a kobold.

Vanquished Creatures
  A hobgoblin (D:1)
  A kobold (D:1)
  A rat (D:1)
3 creatures vanquished.

Vanquished Creatures (others)
  A fungus (D:1)
  2 plants (D:1)
3 creatures vanquished.

Grand Total: 6 creatures vanquished

Notes
Turn   | Place    | Note
-------+----------+-------------------------------------------
     0 | D:1      | Psyclone the Formicid Earth Elementalist began the quest
                  | for the Orb.
     0 | D:1      | Reached XP level 1. HP: 13/13 MP: 3/3
    78 | D:1      | Frozen to death by an endoplasm

Illustrated notes

Levels and vault maps discovered:
D:1:      wander_arrival_fairy_ring, layout_basic, chequers_serial_rivers_room_a

Action                   || total
-------------------------++-------
Melee: Unarmed           ||    18
 Cast: Sandblast         ||     1
Armor: Robe              ||     2
Dodge: Dodged            ||     7
